 Dungeon Crawl Stone Soup version 0.26.1-11-gd32895ea62 (webtiles) character file.

Game seed: 5318896721826472525

234 seveneves the Slasher (level 5, -2/47 HPs)
             Began as a Minotaur Fighter on July 21, 2021.
             Was a Follower of Wu Jian.
             Slain by a river rat (7 damage)
             ... in a sewer.
             The game lasted 00:13:37 (2207 turns).

seveneves the Slasher (Minotaur Fighter)            Turns: 2207, Time: 00:13:38

Health: -2/47      AC:  8    Str: 22    XL:     5   Next: 75%
Magic:  0/4        EV:  8    Int:  5    God:    Wu Jian [*.....]
Gold:   170        SH: 10    Dex:  9    Spells: 4/4 levels left

rFire    . . .     SeeInvis .   a - +1 long sword
rCold    . . .     Faith    .   c - +1 kite shield
rNeg     . . .     Spirit   +   b - +0 scale mail
rPois    .         Reflect  .   (helmet restricted)
rElec    .         Harm     .   (no cloak)
rCorr    .         Rampage  .   (no gloves)
Will     .....                  j - +0 pair of boots
Stlth    ..........             i - amulet of guardian spirit
HPRegen  0.15/turn              e - ring of flight
MPRegen  0.09/turn              (no ring)

@: lethally poisoned (-2 -> -2), hasted, very quick
A: retaliatory headbutt, horns 2
a: Renounce Religion, Evoke Flight


You were in a sewer.
You worshipped Wu Jian.
Wu Jian was aware of your devotion.
You visited 1 branch of the dungeon, and saw 3 of its levels.
You also visited: Sewer.

You collected 170 gold pieces.

Inventory:

Hand Weapons
 a - a +1 long sword (weapon)
 l - a +0 hand crossbow
Missiles
 m - 31 bolts
Armour
 b - a +0 scale mail (worn)
 c - a +1 kite shield (worn)
 j - a +0 pair of boots (worn)
Jewellery
 e - a ring of flight (left hand)
 i - an amulet of guardian spirit (around neck)
Scrolls
 d - a scroll of identify {unknown}
 f - a scroll of teleportation
 g - a scroll of enchant armour
 o - a scroll of remove curse {unknown}
Potions
 h - a potion of ambrosia
 k - a potion of haste
 p - a potion of curing {unknown}


   Skills:
 + Level 4.4 Fighting
 + Level 5.0 Long Blades
 + Level 4.7 Armour
 + Level 1.7 Dodging
 + Level 0.3 Stealth
 + Level 4.4 Shields


You had 4 spell levels left.
You didn't know any spells.
Your spell library was empty.

Dungeon Overview and Level Annotations

Branches:
Dungeon (3/15)              Sewer (1/1)

Altars:
Makhleb
Trog
Wu Jian
Xom
Zin
The Shining One


Innate Abilities, Weirdness & Mutations

You reflexively headbutt those who attack you in melee.
You have a pair of horns on your head.


Message History

You block the river rat's attack. The river rat bites you!
You barely miss the river rat. Your headbutt misses the river rat.
The river rat is severely wounded.
The adder bites you but does no damage.
A rat comes into view. x2
The river rat bites you. You block the rat's attack.
You block the river rat's attack. The river rat bites you.
* * * LOW HITPOINT WARNING * * *
You block the river rat's attack. The adder barely misses you.
You riposte.
You hit the adder.
The adder is heavily wounded.
It was a potion of haste.
You feel yourself speed up.
You feel sick. You block the river rat's attack. The rat closely misses you.
You riposte.
You slash the rat!
You kill the rat!
The Council accepts your kill. You block the adder's attack.
The river rat bites you.
* * * LOW HITPOINT WARNING * * *
The river rat bites you!
You die...

#### ##..∩# ##### ####
#∩..#####..######...## ####
...### #...##..#####......###..#
.....#####.......##..............
.....†.##........................
.....†..............†........(...
.................................
≈≈............†...........≈≈≈≈≈≈≈
≈≈≈≈≈≈≈≈≈≈≈≈...r@r.....≈≈≈≈≈≈≈≈≈≈
≈≈≈≈≈≈≈≈≈≈≈≈≈..Srr..≈≈≈≈≈≈≈≈≈≈≈≈≈
≈≈≈≈≈≈≈≈≈≈≈≈≈≈≈≈≈≈≈≈≈≈≈≈≈≈≈≈≈≈≈≈≈
≈≈≈≈≈≈≈≈≈≈≈≈≈≈†≈≈≈≈≈≈≈r≈≈≈≈≈≈≈≈≈≈
≈≈≈≈≈≈≈≈≈≈≈...........≈≈≈≈≈≈≈≈≈≈≈
≈≈≈≈##.....................
.####...............##r.
....##........## #. ...
##.......#


You could see an adder, 4 river rats and 2 rats.

Vanquished Creatures
  2 orc wizards (D:3)
  4 adders
  5 river rats (Sewer)
  An ooze (D:3)
  A worm (D:2)
  2 dart slugs
  2 leopard geckos (D:2)
  5 orcs (D:3)
  3 ball pythons
  A giant cockroach (D:1)
  5 goblins
  9 hobgoblins
  2 jackals (D:3)
  15 kobolds
  12 bats
  4 frilled lizards
  16 rats
89 creatures vanquished.

Notes
Turn   | Place    | Note
-------+----------+-------------------------------------------
     0 | D:1      | seveneves the Minotaur Fighter began the quest for the Orb.
     0 | D:1      | Reached XP level 1. HP: 19/19 MP: 0/0
   174 | D:1      | Reached XP level 2. HP: 27/27 MP: 1/1
   926 | D:2      | Reached XP level 3. HP: 33/33 MP: 2/2
  1015 | D:2      | Reached skill level 3 in Long Blades
  1051 | D:2      | Reached skill level 1 in Dodging
  1195 | D:2      | Found an ornate altar of the Wu Jian Council.
  1199 | D:2      | Found a shimmering altar of Xom.
  1201 | D:2      | Found a bloodstained altar of Trog.
  1201 | D:2      | Found a burning altar of Makhleb.
  1201 | D:2      | Found a glowing silver altar of Zin.
  1204 | D:2      | Found a glowing golden altar of the Shining One.
  1215 | D:2      | Became a worshipper of the Wu Jian Council
  1416 | D:3      | Reached XP level 4. HP: 16/40 MP: 1/3
  1451 | D:3      | Reached skill level 4 in Long Blades
  1458 | D:3      | Reached XP level 5. HP: 15/46 MP: 4/4
  1690 | D:3      | Found a faded altar of an unknown god.
  1988 | D:3      | Found a glowing drain.
  1998 | Sewer    | Entered a sewer
  2029 | Sewer    | Reached * piety under Wu Jian
  2204 | Sewer    | Reached skill level 5 in Long Blades
  2207 | Sewer    | Slain by a river rat

Illustrated notes

Levels and vault maps discovered:
D:1:      dpeg_arrival_round_a, layout_basic, palyth_stone_intersect,
          minivault_19
D:2:      layout_basic, lemuel_coloured_pillars_altar, minitemple,
          dk_noncrumbling_3
D:3:      layout_basic, chequers_ecumenical_altar_simple, portal_sewer_entry_d,
          minmay_cut_off
Sewer:    sewer_minmay_treatment

Skill      XL: |  1  2  3  4  5 |
---------------+----------------+-----
Armour         | 4 |  4.7
Long Blades    | 3 4 5 |  5.0
Dodging        | 1 |  1.7
Shields        | 4 |  4.4
Fighting       | 4 |  4.4
Stealth        | |  0.3

Action                   |  1- 3 |  4- 6 || total
-------------------------+-------+-------++-------
Melee: Long sword        |   109 |   100 ||   209
       Headbutt          |    14 |    12 ||    26
Invok: Lunge             |       |     4 ||     4
       Whirlwind         |       |     2 ||     2
  Use: Scroll            |     3 |     1 ||     4
       Potion            |     3 |     4 ||     7
Armor: Scale mail        |    41 |    50 ||    91
Dodge: Dodged            |    30 |    32 ||    62
Block: Kite shield       |    72 |    80 ||   152
       Rpst.: Long sword |    10 |     7 ||    17
